[Event "*** Titled Tuesday Blitz"]
[Site "Chess.com"]
[Date "2020.10.27"]
[Round "8"]
[White "mjray79"]
[Black "BJthechessgod"]
[Result "1-0"]
[WhiteElo "2451"]
[BlackElo "2298"]
[TimeControl "180+1"]
[EndTime "11:29:37 PDT"]
[Termination "mjray79 won by resignation"]

1. d4 Nf6 2. c4 e6 3. g3 Be7 4.
Bg2 O-O 5. Nf3 d5 6. O-O b6 7. Qc2 Bb7 8. cxd5 Bxd5 9. Nc3 Bb7 10. e4 Nbd7 11. Rd1 c5 12. Bf4 cxd4 13. Rxd4 Qc8 14.
Rad1 Bc5 15. R4d2 Rd8 16. e5 Nd5 17. Ng5 Nf8 18. Nxd5 Bxd5 19. Bxd5 Rxd5 20. Rxd5 exd5 21. Rxd5 h6 22. Ne4 Ne6 23. Nxc5 bxc5 24. Be3 Qb7 25.
Qd2 Rb8 26. b3 c4 27. bxc4 Qb1+ 28. Qd1 Qe4 29. Rb5 Rd8 30. Rd5 Rb8 31. Rb5 Rd8 32.
Qb3 Qf3 33. Rb8 Rxb8 34. Qxb8+ Kh7 35. Qb1+ g6 36. c5 Qd5 37. Qc2 Qxe5 38. c6 Qc7 39. Qc3 Nd8 40. Bf4 Qxc6 41. Qe3 Qe6 42. Qxa7 Qe1+ 43.
Kg2 Qe4+ 44. f3 Qe2+ 45. Qf2 Qa6 46. Qd2 Ne6 47. Bxh6 Qa5 48. Qxa5 Kxh6 49. Qb4 Kg7 50. a4 Nc7 51. a5 Nd5 52. Qd4+ Nf6 53. Qxf6+ 1-0

[Event "*** Titled Tuesday Blitz"]
[Site "Chess.com"]
[Date "2020.10.27"]
[Round "8"]
[White "Sueetin"]
[Black "Kapibara_Warri0r"]
[Result "1-0"]
[WhiteElo "2308"]
[BlackElo "2125"]
[TimeControl "180+1"]
[EndTime "11:29:37 PDT"]
[Termination "Sueetin won on time"]

1. d4 Nf6 2. c4 g6 3. Nc3 Bg7 4. Nf3 O-O 5. Bg5 d5 6. Bxf6 Bxf6 7. cxd5 c6 8. e3 cxd5 9. Bd3 b6 10. h3 Ba6 11.
O-O Bxd3 12. Qxd3 Nc6 13. Qb5 Qd7 14. Nxd5 Bg7 15. Rac1 Rac8 16. Rxc6 e6 17. Rfc1 exd5 18. a4 a6 19. Qxb6 Rb8 20. Qxa6 Rxb2 21. R6c2 Rb3 22.
Qc6 Qf5 23. a5 Ra3 24. a6 Qd3 25. Qxd5 Qxa6 26. Qc4 Qa5 27. Qc5 Qa6 28. Qc6 Qa5 29. Rc5 Qa7 30. Qc7 Qa4 31. Qc6 Qa7 32. Qd5 Ra2 33.
R5c2 Ra3 34. Rc7 Qa4 35. Ng5 Ra1 36. Rxa1 Qxa1+ 37. Kh2 Qf1 38. Qf3 Qb5 39. Ne4 Qb8 40. Qg3 Re8 41. Rd7 1-0

[Event "*** Titled Tuesday Blitz"]
[Site "Chess.com"]
[Date "2020.10.27"]
[Round "8"]
[White "A-Fier"]
[Black "TengisChess"]
[Result "0-1"]
[WhiteElo "2760"]
[BlackElo "2629"]
[TimeControl "180+1"]
[EndTime "11:29:38 PDT"]
[Termination "TengisChess won by resignation"]

1. d4 Nf6 2. Nf3 d5 3. c4 c6 4. Nc3 e6 5. Bg5 Nbd7 6. cxd5 exd5 7. e3 Qa5 8. Nd2 Bb4 9. Qc2 h6 10. Bh4 O-O 11. Bd3 Re8 12. O-O Bd6 13. Rae1 Qc7 14. Bg3 Bxg3 15. hxg3 Nb6 16. Nf3 Be6 17. Ne5 a6 18. f4 c5 19. Qf2 Rac8 20. Qf3 Qd6 21. g4 cxd4 22. exd4 Nc4 23. g5 hxg5 24. fxg5 Nxe5 25.
dxe5 Qb6+ 26. Kh1 Ne4 27. Nxe4 dxe4 28. Qxe4 g6 29. Rf6 Rc6 30. Ref1 Bxa2 31. Qh4 Rxf6 32. exf6 Qc5 33. Bxg6 fxg6 34. Qh6 Kf7 35. Qg7+ Ke6 36.
f7 Rf8 37. Qf6+ Kd7 38. Rd1+ Kc8 39. Re1 Rxf7 40. Re8+ Kd7 41. Qd8+ Kc6 42. Qc8+ Rc7 43. Qe6+ Bxe6 0-1

[Event "*** Titled Tuesday Blitz"]
[Site "Chess.com"]
[Date "2020.10.27"]
[Round "8"]
[White "Margarita2907"]
[Black "Ural_bogatyr"]
[Result "0-1"]
[WhiteElo "2198"]
[BlackElo "2357"]
[TimeControl "180+1"]
[EndTime "11:29:39 PDT"]
[Termination "Ural_bogatyr won by resignation"]

1. e4 e5 2. Nf3 Nc6 3. Bc4 Nf6 4. d3 h6 5. O-O d6 6. c3 g5 7. Re1 Bg7 8. a4 O-O 9. h3 g4 10. hxg4 Bxg4 11. Nbd2 Ne7 12. Qc2 Ng6 13. d4 Nh5 14. g3 Kh8 15. Nh2 Bh3 16. Qd1 Nhf4 17. gxf4 Nxf4 18. Ndf3 Qf6 19. Bxf4 Qxf4 20. Bf1 Bxf1 21.
Rxf1 f5 22. exf5 Rxf5 23. Qc1 Qe4 24. Qe3 Qd5 25. dxe5 Raf8 26. Rad1 Qg8 27. Rfe1 dxe5 28. Kf1 Qf7 29. Rd3 Qh5 30. Qe4 Qh3+ 31. Ke2 Rf4 32.
Qe3 e4 33. Rdd1 exf3+ 34. Kd2 Qxh2 35. Kc1 Qh4 36. Rd7 Qg5 37. Qc5 R4f5+ 38. Qe3 Qxe3+ 39. Rxe3 R5f7 40. Rd5 Kh7 41. Rh5 Kg6 42. Rh3 Bf6 43.
Rg3+ Bg5 0-1

[Event "*** Titled Tuesday Blitz"]
[Site "Chess.com"]
[Date "2020.10.27"]
[Round "8"]
[White "djano"]
[Black "alexwinter25"]
[Result "1-0"]
[WhiteElo "2465"]
[BlackElo "2326"]
[TimeControl "180+1"]
[EndTime "11:29:40 PDT"]
[Termination "djano won on time"]

1. d4 d5 2. Nf3 e6 3. Bf4 Nf6 4.
e3 c5 5. Nbd2 Nc6 6. c3 Bd6 7.
Ne5 O-O 8. Bd3 Ne7 9. h4 b6 10. g4 Bb7 11. Qf3 Ne4 12. Nxe4 dxe4 13. Bxe4 Bxe4 14.
Qxe4 f5 15. gxf5 exf5 16. Qg2 cxd4 17. exd4 Bxe5 18. Bxe5 Ng6 19. f4 Re8 20. O-O-O Rc8 21. h5 Nxe5 22. fxe5 b5 23. Rhg1 Re7 24. Kb1 a5 25. d5 Qd7 26. e6 Qd6 27. Rd4 a4 28. Qg5 a3 29. Qxf5 axb2 30. h6 g6 31. Qf4 Rd8 32.
Qxd6 Rxd6 33. Re1 Kf8 34. Kxb2 Ke8 35. Kb3 Kd8 36. Kb4 Kc7 37. Kxb5 Rb6+ 38. Kc4 Kd6 39. Kd3 Ra6 40. a4 Rc7 41. Rb1 Ra5 42. Rb6+ Ke5 43. e7 Rxe7 44. Re4+ 1-0

[Event "*** Titled Tuesday Blitz"]
[Site "Chess.com"]
[Date "2020.10.27"]
[Round "8"]
[White "Grandmaster2B"]
[Black "Jungle_Jaguar"]
[Result "1-0"]
[WhiteElo "2497"]
[BlackElo "2623"]
[TimeControl "180+1"]
[EndTime "11:29:41 PDT"]
[Termination "Grandmaster2B won by checkmate"]

1. e4 c5 2. Nf3 d6 3. d4 cxd4 4. Nxd4 Nf6 5. Nc3 Nc6 6. Bg5 e6 7. Qd2 a6 8. O-O-O Bd7 9. f4 b5 10. Qe3 Qb6 11. Nf5 Qxe3+ 12. Nxe3 b4 13. Bxf6 gxf6 14. Ne2 h5 15. g3 a5 16. Bg2 a4 17.
Rhf1 Rc8 18. Nc4 b3 19. axb3 axb3 20. c3 Ra8 21. Kd2 Na5 22. Nxa5 Rxa5 23. Ra1 Rxa1 24. Rxa1 h4 25. Bf3 hxg3 26. hxg3 Rh2 27. Rh1 Rf2 28.
Ke3 Rxf3+ 29. Kxf3 f5 30. Nd4 Bg7 31. Nxb3 fxe4+ 32. Ke3 f5 33. Rh7 Kf8 34. Nd4 e5 35. Ne2 Kf7 36.
Rh1 Kg6 37. Rd1 Bf8 38. fxe5 Ba4 39. Rd4 Bd7 40. Nf4+ Kf7 41. exd6 Kf6 42. c4 Ke5 43. Rd5+ Kf6 44. c5 Bc6 45. d7 Bxd5 46. Nxd5+ Ke5 47. d8=Q Bxc5+ 48. Ke2 f4 49. Nxf4 e3 50. Qd5+ Kf6 51.
Qe6+ Kg5 52. Qg6# 1-0

[Event "*** Titled Tuesday Blitz"]
[Site "Chess.com"]
[Date "2020.10.27"]
[Round "8"]
[White "Neftegor"]
[Black "sopo-tereladze"]
[Result "1-0"]
[WhiteElo "2462"]
[BlackElo "2318"]
[TimeControl "180+1"]
[EndTime "11:29:41 PDT"]
[Termination "Neftegor won by resignation"]

1. Nf3 Nf6 2. c4 e6 3. g3 d5 4. Bg2 Be7 5. O-O O-O 6. d4 dxc4 7. Qc2 c5 8. Rd1 Nc6 9. dxc5 Qa5 10. Qxc4 Qxc5 11. Na3 Bd7 12. Be3 Qxc4 13. Nxc4 Rfd8 14. Nfe5 Be8 15. Nxc6 Bxc6 16. Bxc6 bxc6 17. Rxd8+ Bxd8 18. Rc1 Nd5 19. Bd2 Bf6 20. b3 c5 21. e4 Nb6 22. Be3 Bd4 23. Kf1 h6 24. Ke2 Nxc4 25. Rxc4 e5 26. Bd2 Rb8 27. Ra4 Rb7 28. f4 f6 29. f5 Kf7 30. Kd3 Ke7 31. Kc4 Kd7 32.
Ra6 Kc7 33. Ba5+ Kd7 34. Kd5 Kc8 35. Rc6+ Kb8 36. Re6 Rb5 37. Re8+ Kb7 38. Re7+ Ka6 39. Bd2 Rb7 40. Ke6 Rxe7+ 41. Kxe7 Kb5 42. Kf7 a5 43.
a4+ Kc6 44. Kxg7 c4 45. bxc4 Kc5 46. Kxf6 Kxc4 47. Bxh6 Kd3 48. Ke6 Kxe4 49. f6 Bc5 50.
f7 1-0

[Event "*** Titled Tuesday Blitz"]
[Site "Chess.com"]
[Date "2020.10.27"]
[Round "8"]
[White "bascheyaro"]
[Black "Oleksandr_Bortnyk"]
[Result "0-1"]
[WhiteElo "2742"]
[BlackElo "2915"]
[TimeControl "180+1"]
[EndTime "11:29:43 PDT"]
[Termination "Oleksandr_Bortnyk won on time"]

1. d4 d6 2. Nf3 Nf6 3. Bg5 Ne4 4. Bh4 c6 5. Nbd2 Bf5 6. e3 Nxd2 7. Qxd2 Qb6 8. c3 Nd7 9. Be2 g6 10. O-O Bg7 11. Bd3 Nf6 12. Bxf5 gxf5 13. Bxf6 Bxf6 14. Qc2 Qa5 15. b4 Qd5 16. Nd2 Rg8 17. e4 fxe4 18. Nxe4 O-O-O 19. a4 Bh4 20. Ng3 h5 21. Qf5+ Qxf5 22.
Nxf5 Bf6 23. Rfe1 Kd7 24. b5 Rc8 25. Ra3 c5 26. Ra2 e6 27. Ng3 cxd4 28. Nxh5 Bh8 29. cxd4 Bxd4 30. Rd1 d5 31. g3 Bh8 32. Nf4 Rc4 33. Nd3 Rgg4 34. Kg2 Ke7 35. a5 Rgd4 36. a6 b6 37. Rad2 Bg7 38. h4 Rc3 39. Nf4 Rxd2 40. Rxd2 Rc5 41. h5 Rxb5 42. Rc2 Rc5 43. Rxc5 bxc5 44. Nd3 c4 45. Nb4 Kd6 46. f4 Kc5 47.
Na2 d4 48. Kf3 f5 49. g4 fxg4+ 50. Kxg4 d3 51. Kf3 Kd4 52. Nb4 c3 53. Nc6+ Kc5 0-1

[Event "*** Titled Tuesday Blitz"]
[Site "Chess.com"]
[Date "2020.10.27"]
[Round "8"]
[White "GameOverBro"]
[Black "mbojan"]
[Result "1/2-1/2"]
[WhiteElo "2537"]
[BlackElo "2704"]
[TimeControl "180+1"]
[EndTime "11:29:45 PDT"]
[Termination "Game drawn by repetition"]

1. e4 c5 2. Ne2 Nc6 3. Nbc3 g6 4.
d4 cxd4 5. Nxd4 Bg7 6. Nde2 Nf6 7. g3 O-O 8. Bg2 Rb8 9. a4 a6 10. O-O b5 11. axb5 axb5 12. Nd5 Bb7 13. c3 b4 14. Nd4 bxc3 15. bxc3 Nxd5 16. exd5 Nxd4 17. cxd4 e6 18. dxe6 dxe6 19. Be3 Bxg2 20. Kxg2 Rb7 21. Ra2 Rd7 22. Rd2 Rd5 23. Qa4 Qe7 24. Rfd1 Rfd8 25.
h4 h5 26. Qc4 Bf6 27. Kg1 Kg7 28. Qa4 Qb7 29. Qc4 Qb6 30. Qa4 Qc7 31. Qb4 Rb8 32. Qa4 Qb7 33. Qa3 Qb5 34. Qc3 Rbd8 35. Qa1 Qb4 36.
Rb1 Qd6 37. Rbd1 Rf5 38. Qc3 Qd5 39. Qc2 Rf3 40. Qc3 Qf5 41. Qc5 Rd5 42. Qc7 Qg4 43.
Kf1 Rxe3 44. fxe3 Rf5+ 45. Ke1 Rf3 46. Re2 Rxg3 47. Kd2 Rf3 48. Rh1 Qe4 49. Rhh2 Rf5 50. Qc2 Qf3 51. Qc7 Qa8 52. Rhf2 Qa2+ 53. Kd3 Qa6+ 54. Kd2 Qa2+ 55. Kd3 Qa6+ 56. Kd2 Qa2+ 1/2-1/2

[Event "*** Titled Tuesday Blitz"]
[Site "Chess.com"]
[Date "2020.10.27"]
[Round "8"]
[White "Mikasinski"]
[Black "chessmachine14"]
[Result "1-0"]
[WhiteElo "2488"]
[BlackElo "2340"]
[TimeControl "180+1"]
[EndTime "11:29:45 PDT"]
[Termination "Mikasinski won on time"]

1. e4 c5 2. Nf3 e6 3. d4 cxd4 4. Nxd4 Nf6 5. Nc3 d6 6. f4 Be7 7. Be2 O-O 8. O-O Nc6 9. Kh1 Nxd4 10. Qxd4 b6 11. Bf3 Bb7 12. Rd1 Nd7 13. Nb5 e5 14. fxe5 Nxe5 15. Nxd6 Bxd6 16. Qxd6 Qxd6 17. Rxd6 Nc4 18. Rd7 Bc6 19. Rc7 Rfc8 20. Rxc8+ Rxc8 21. b3 Nd6 22. e5 Bxf3 23. gxf3 Nf5 24. c4 Nd4 25. f4 Nc2 26. Rb1 Rd8 27. Kg2 Rd1 28. Kf3 Nb4 29. Ke2 Rh1 30. Kd2 Nxa2 31. Ra1 Rxh2+ 32. Kd3 Nb4+ 33. Ke4 Na2 34. Ba3 h5 35. Kf5 h4 36. Ke4 h3 37. Bd6 Rc2 38. Kf3 h2 39. Rh1 Nc1 40. Kg3 Ne2+ 41. Kg4 Nd4 42.
f5 1-0

[Event "*** Titled Tuesday Blitz"]
[Site "Chess.com"]
[Date "2020.10.27"]
[Round "8"]
[White "Unknown_IM"]
[Black "IngOscarArdila"]
[Result "1-0"]
[WhiteElo "2327"]
[BlackElo "2159"]
[TimeControl "180+1"]
[EndTime "11:29:45 PDT"]
[Termination "Unknown_IM won on time"]

1. e4 e5 2. Nf3 Nc6 3. Nc3 Nf6 4. d4 exd4 5. Nxd4 Bb4 6. Nxc6 bxc6 7. Bd3 d5 8. Bd2 O-O 9. O-O Re8 10. Nxd5 cxd5 11.
Bxb4 Nxe4 12. f3 Nf6 13. Qd2 Be6 14. Rae1 Rb8 15. Bc5 c6 16. b3 a5 17. Bd4 Ra8 18.
a4 Nd7 19. f4 f6 20. Qf2 Bf7 21. Qh4 Nf8 22. Bc5 Ng6 23. Qh3 Qc8 24. Bf5 Qc7 25.
g3 Rad8 26. c3 Qb8 27. b4 axb4 28. cxb4 Rxe1 29. Rxe1 Re8 30. Be6 Bxe6 31. Rxe6 Kf7 32. f5 Rxe6 33. fxe6+ Kg8 34. e7 Qe8 35. Qe6+ Kh8 36.
a5 h5 37. a6 Nxe7 38. Qxe7 Qc8 39. Qf8+ Qxf8 40. Bxf8 d4 41. a7 d3 42. a8=Q d2 43. Qd8 Kg8 44. Qxd2 Kxf8 45. Qc3 1-0

[Event "*** Titled Tuesday Blitz"]
[Site "Chess.com"]
[Date "2020.10.27"]
[Round "8"]
[White "LastHeroJr"]
[Black "midedu"]
[Result "1-0"]
[WhiteElo "2396"]
[BlackElo "2024"]
[TimeControl "180+1"]
[EndTime "11:29:46 PDT"]
[Termination "LastHeroJr won on time"]

1. e4 c5 2. Nf3 Nc6 3. d4 cxd4 4. Nxd4 Nf6 5. Nc3 Qb6 6. Nb3 e6 7. a3 a6 8. Qe2 d6 9. g4 Be7 10. g5 Nd7 11. h4 Qc7 12. h5 b5 13. Bg2 Rb8 14.
g6 fxg6 15. hxg6 h6 16. Be3 Rf8 17. f4 b4 18. axb4 Nxb4 19. Nd4 Nc5 20. O-O Bb7 21.
f5 e5 22. Ne6 Nxe6 23. fxe6 Bf6 24. Rad1 Ke7 25. Rd2 Kxe6 26. Rfd1 Rbd8 27. Bh3+ Ke7 28. Bf5 Bc8 29. Qf2 Bxf5 30. exf5 Rfe8 31. Bb6 Qc6 32. Bxd8+ Rxd8 33. Nd5+ Nxd5 34. Rxd5 Kf8 35. c3 Kg8 36. Qd2 Be7 37. Qe3 Rb8 38. Qe2 Qc7 39. R5d2 Qc8 40.
Qe4 Qc5+ 41. Kg2 Kh8 42. Qf3 Qc7 43. Re2 a5 44. Rd5 Bf6 45. Qd3 1-0

[Event "*** Titled Tuesday Blitz"]
[Site "Chess.com"]
[Date "2020.10.27"]
[Round "8"]
[White "PavelChernomordik"]
[Black "chesstrainer2042"]
[Result "0-1"]
[WhiteElo "2291"]
[BlackElo "2412"]
[TimeControl "180+1"]
[EndTime "11:29:46 PDT"]
[Termination "chesstrainer2042 won on time"]

1. e4 e5 2. Nf3 Nc6 3. Bb5 a6 4. Ba4 Nf6 5. Qe2 b5 6. Bb3 Bc5 7. a4 Rb8 8. axb5 axb5 9. d3 d6 10. h3 h6 11. Nbd2 O-O 12. g4 Be6 13. c3 b4 14. c4 Nh7 15. Nf1 Ra8 16. Rxa8 Qxa8 17. Ng3 f6 18. Nf5 Ng5 19. Bxg5 fxg5 20. O-O Kh7 21. h4 gxh4 22. g5 Qd8 23. N5xh4 Bg4 24. g6+ Kh8 25. Nf5 Rxf5 26. exf5 Nd4 27. Nxd4 Bxe2 28.
Nxe2 Qg5+ 29. Kh2 Qh5+ 30. Kg2 Qxe2 31. Ra1 Qxf2+ 32. Kh1 Qf3+ 33. Kh2 Kg8 34. d4 exd4 35. Bd1 Qf4+ 36. Kh1 Kf8 37. Ra8+ Ke7 38. Rg8 Kf6 39.
Rf8+ Kg5 40. f6 Qf1+ 41. Kh2 d3 42. fxg7 Bg1+ 43. Kg3 Qe1+ 44. Kg2 Qd2+ 0-1

[Event "*** Titled Tuesday Blitz"]
[Site "Chess.com"]
[Date "2020.10.27"]
[Round "8"]
[White "Zmof"]
[Black "KacperPolOK"]
[Result "0-1"]
[WhiteElo "2214"]
[BlackElo "2428"]
[TimeControl "180+1"]
[EndTime "11:29:47 PDT"]
[Termination "KacperPolOK won by resignation"]

1. e4 c5 2. Nf3 Nc6 3. Bb5 d6 4.
Bxc6+ bxc6 5. O-O e5 6. c3 f5 7. exf5 Nf6 8. d4 cxd4 9. cxd4 e4 10. Nh4 Be7 11. Nc3 d5 12. f3 Nd7 13. fxe4 Bxh4 14.
Qh5+ Kf8 15. exd5 cxd5 16. Nxd5 Nf6 17. Qxh4 Qxd5 18. Bg5 Qd6 19. Rae1 Bd7 20. Re6 Bxe6 21. fxe6 Ke8 22. e7 Kxe7 23. Bxf6+ gxf6 24. Re1+ Kd7 25. Qg4+ Kc7 26. Rc1+ Kb6 27. d5 Rac8 28. Rxc8 Rxc8 29. Qxc8 Qxd5 30. Qc3 f5 31. g3 a5 32. Kf2 Qxa2 33. Qf6+ Kb7 34. Qe7+ Kc6 35. Qf6+ Kc7 36. Qg7+ Kd6 37. Qf6+ Qe6 38. Qxe6+ Kxe6 39. Ke3 Kd5 40. Kf4 Kc4 41. Kxf5 Kb3 42. g4 Kxb2 43. g5 a4 44. h4 a3 45. h5 a2 46. g6 hxg6+ 47.
Kxg6 a1=Q 48. h6 Qg1+ 49. Kh7 Qa7+ 50. Kh8 Qb8+ 51. Kh7 Qc7+ 52. Kh8 Qd8+ 53. Kh7 Qd7+ 54. Kh8 Qe8+ 55. Kh7 Qf8 56. Kg6 Qh8 0-1

[Event "*** Titled Tuesday Blitz"]
[Site "Chess.com"]
[Date "2020.10.27"]
[Round "8"]
[White "FairChess_on_YouTube"]
[Black "Zhuu96"]
[Result "1-0"]
[WhiteElo "2989"]
[BlackElo "2889"]
[TimeControl "180+1"]
[EndTime "11:29:48 PDT"]
[Termination "FairChess_on_YouTube won by resignation"]

1. d4 Nf6 2. c4 g6 3. Nc3 d5 4. cxd5 Nxd5 5. e4 Nxc3 6. bxc3 Bg7 7. Nf3 c5 8. Be2 O-O 9. O-O b6 10. Bg5 Bb7 11. Re1 Nc6 12. d5 Ne5 13. Qd2 Qc7 14. Rad1 Rad8 15. h3 a6 16. c4 Rd7 17. Rb1 e6 18.
Bf4 b5 19. cxb5 exd5 20. bxa6 Ba8 21. exd5 Rxd5 22. Qe3 Qc6 23. Nxe5 Rxe5 24. Qf3 Qe6 25. Rb7 Rf5 26. Qe3 Qxa2 27. Bd6 Bd4 28. Qe7 Rc8 29. Kh2 Rxf2 30. Qd7 Qe6 31. Qxe6 fxe6 32. Bc4 Kh8 33. Rxe6 Rd8 34. Ree7 Bxb7 35. axb7 Rb2 36. Bc7 Rf8 37. Bd5 Rb1 38. Bd6 Bg1+ 39. Kg3 Bf2+ 40. Kh2 Bg1+ 41. Kg3 Bf2+ 42. Kg4 Rb4+ 43. Re4 Rb6 44. Be5+ Rbf6 45. Bxf6+ 1-0

[Event "*** Titled Tuesday Blitz"]
[Site "Chess.com"]
[Date "2020.10.27"]
[Round "8"]
[White "kuli4ik"]
[Black "Sibelephant"]
[Result "1/2-1/2"]
[WhiteElo "2889"]
[BlackElo "3076"]
[TimeControl "180+1"]
[EndTime "11:29:49 PDT"]
[Termination "Game drawn - insufficient material"]

1. d4 d5 2. Nf3 Nf6 3. Bf4 c5 4. dxc5 e6 5. e3 Bxc5 6. Be2 Nc6 7. O-O O-O 8. c4 b6 9. Nc3 dxc4 10. Bxc4 Bb7 11.
Qe2 Qe7 12. Bg5 h6 13. Bh4 g5 14. Bg3 Nh5 15. Ba6 Bxa6 16. Qxa6 Rfd8 17. Rfd1 Bb4 18.
Qc4 Na5 19. Qe2 Nxg3 20. hxg3 Bxc3 21. bxc3 Qc5 22. Nd4 Rd5 23. e4 Rd7 24. Rd3 Rad8 25. Rad1 Nc6 26. Qh5 Nxd4 27. cxd4 Rxd4 28. Rxd4 Rxd4 29.
Rxd4 Qxd4 30. Qxh6 Qa1+ 31. Kh2 Qh8 32. Qxh8+ Kxh8 33. f4 b5 34. Kg1 Kg7 35. Kf2 Kg6 36. Ke3 Kh5 37. Kd4 a5 38. Kc5 Kg4 39. Kxb5 gxf4 40.
gxf4 Kxf4 41. Kxa5 Kxe4 42. a4 e5 43. Kb5 Kd3 44. a5 e4 45. a6 e3 46. a7 e2 47.
a8=Q e1=Q 48. Qd5+ Ke2 49. Qxf7 Qg3 50. Qa2+ Kf1 51.
Qc2 Qxg2 52. Qxg2+ Kxg2 1/2-1/2

[Event "*** Titled Tuesday Blitz"]
[Site "Chess.com"]
[Date "2020.10.27"]
[Round "8"]
[White "Zhigalko_Sergei"]
[Black "PaulfromSPb"]
[Result "1-0"]
[WhiteElo "2910"]
[BlackElo "2709"]
[TimeControl "180+1"]
[EndTime "11:29:49 PDT"]
[Termination "Zhigalko_Sergei won on time"]

1. e4 c5 2. Nf3 d6 3. d4 cxd4 4.
Qxd4 a6 5. Bc4 e6 6. Nc3 Nc6 7. Qd3 b5 8. Bb3 Bb7 9. Bf4 Qc7 10. O-O-O Rd8 11. g4 Nf6 12. g5 Nh5 13. Be3 g6 14.
Nd4 Bg7 15. Ndxb5 axb5 16. Nxb5 Qb8 17. Nxd6+ Kf8 18. f4 h6 19. Qb5 Ba8 20. Qc5 Kg8 21. f5 Bf8 22. e5 Nxe5 23. Qxe5 Bxd6 24. Qd4 Bxh1 25. fxe6 fxe6 26. Rxh1 Bf4 27. Qe4 Bxe3+ 28. Kb1 Kh7 29. Qxe3 Qf4 30. Qa7+ Ng7 31. gxh6 Qxh6 32. a3 Rhf8 33. Re1 Qh4 34. Rxe6 Qf2 35. Qb7 Qf1+ 36.
Ka2 Rf7 37. Re7 Rxe7 38. Qxe7 Rd4 39. Qe5 Qf4 40. Qe7 Rd1 41. Qc5 Qc1 42. Bf7 Qb1+ 43.
Kb3 Rg1 44. Qe3 Qf1 45. Qc3 1-0

[Event "*** Titled Tuesday Blitz"]
[Site "Chess.com"]
[Date "2020.10.27"]
[Round "8"]
[White "CheckThis4"]
[Black "Qvalda"]
[Result "0-1"]
[WhiteElo "2557"]
[BlackElo "2398"]
[TimeControl "180+1"]
[EndTime "11:29:50 PDT"]
[Termination "Qvalda won by checkmate"]

1. e4 g6 2. d4 Bg7 3. Nc3 d6 4. Be3 a6 5. Qd2 Nd7 6. f3 b5 7. h4 h6 8. a4 b4 9. Nce2 a5 10.
Nh3 Ba6 11. Nf2 c5 12. h5 g5 13. Ng3 Bxf1 14. Kxf1 e6 15. Rd1 Ne7 16. d5 exd5 17. Nf5 Nxf5 18. exf5 d4 19. Ne4 O-O 20. Bf2 Nf6 21.
Nxg5 hxg5 22. h6 Nd5 23. hxg7 Kxg7 24. Bxd4+ cxd4 25. Qxd4+ Nf6 26. g4 Rh8 27. Kf2 Qe7 28.
f4 Rxh1 29. Rxh1 Qa7 30. Qxa7 Rxa7 31. fxg5 Ne4+ 32. Ke3 Nxg5 33. Kf4 f6 34. Rd1 Nf7 35. Rd5 Rc7 36. c3 bxc3 37. bxc3 Rxc3 38. Ke4 Rc4+ 39. Kf3 Rxa4 40. Rb5 Ne5+ 41. Kg3 Rxg4+ 42. Kh3 Rd4 43. Rxa5 Kh6 44. Ra1 Kg5 45. Rf1 Rh4+ 46. Kg3 Rg4+ 47.
Kh3 Rf4 48. Rd1 Kxf5 49. Rxd6 Rf3+ 50. Kg2 Ra3 51. Rd4 Kg5 52. Rb4 f5 53. Rb8 Ng4 54. Rg8+ Kf4 55. Rb8 Ra2+ 56. Kf1 Kf3 57. Rb3+ Ne3+ 58.
Ke1 Re2# 0-1

[Event "*** Titled Tuesday Blitz"]
[Site "Chess.com"]
[Date "2020.10.27"]
[Round "8"]
[White "Zhani-Z"]
[Black "zmeeed67"]
[Result "1-0"]
[WhiteElo "2527"]
[BlackElo "2353"]
[TimeControl "180+1"]
[EndTime "11:29:50 PDT"]
[Termination "Zhani-Z won by resignation"]

1. e4 Nc6 2. Nf3 d6 3. d4 Nf6 4. Nc3 Bg4 5. d5 Nb8 6. Be2 c6 7. O-O g6 8. a4 Bg7 9. a5 cxd5 10.
exd5 O-O 11. Re1 Na6 12. Nd4 Bxe2 13. Qxe2 Re8 14. Be3 Nc7 15. Qc4 a6 16. h3 Qd7 17.
Qb3 Rab8 18. Re2 Rec8 19. Rae1 Re8 20. Bg5 Na8 21. Na4 Qd8 22. Nb6 Nxb6 23. axb6 Rc8 24. c4 Nxd5 25. cxd5 Bxd4 26. Bxe7 Qxb6 27. Qxb6 Bxb6 28.
Bxd6 Rxe2 29. Rxe2 Rd8 30. Bb4 Rxd5 31. Re7 Rb5 32.
Re8+ Kg7 33. Bc3+ Kh6 34. Re7 f5 35. Kf1 a5 36. Rxb7 a4 37. Bd2+ Kh5 38. Be3 f4 39. Rxb6 Rxb6 40. Bxb6 Kg5 41. Ke2 Kf5 42. h4 Ke4 43.
Bc7 h6 44. f3+ Kf5 45. Kd3 g5 46. hxg5 hxg5 47. Kc4 g4 48. Kb4 gxf3 49. gxf3 Ke6 50. Bxf4 Kd5 51. Kxa4 1-0

[Event "*** Titled Tuesday Blitz"]
[Site "Chess.com"]
[Date "2020.10.27"]
[Round "8"]
[White "GOGIEFF"]
[Black "exoticprincess"]
[Result "1/2-1/2"]
[WhiteElo "2906"]
[BlackElo "2876"]
[TimeControl "180+1"]
[EndTime "11:29:51 PDT"]
[Termination "Game drawn by repetition"]

1. d4 d5 2. c4 c6 3. cxd5 cxd5 4. Bg5 Nc6 5. Nc3 f6 6. e4 fxg5 7. exd5 Nb8 8. Nf3 g6 9. Nxg5 Bg7 10. Bb5+ Kf8 11. O-O Nf6 12. Qb3 h6 13. Nf3 Bf5 14. Rfe1 Na6 15. Ne5 Qd6 16. a3 Nc7 17. Nc4 Qd8 18.
Ne3 Nxb5 19. Nxb5 Bd7 20. Nc3 Qb6 21. Qa2 Rd8 22. Rad1 Be8 23. Nc4 Qc7 24. Ne5 Qd6 25. Nc4 Qc7 26. Ne5 Rd6 27. Rc1 Qd8 28. Nc4 Ra6 29. Ne5 Kg8 30. d6+ Kh7 31. dxe7 Qxd4 32. Rcd1 Qh4 33. Rd8 Ng4 34. Nxg4 Qxg4 35. h3 Qf5 36. Qc4 Rc6 37. Qb4 Rb6 38. Qc4 Rxb2 39. Ne4 Bc6 40. Rxh8+ Bxh8 41. Qxc6 bxc6 42. e8=Q Bg7 43.
Qxc6 Ra2 44. a4 a5 45. g3 Bd4 46. Qc7+ Bg7 47. Kg2 Rxa4 48. Qb7 Rb4 49. Qc6 Qb5 50.
Qxb5 Rxb5 51. Nd6 Rb2 52. Re7 Kg8 53. Re8+ Kh7 54. Re7 Kg8 55. Re8+ Kh7 56. Re7 1/2-1/2

[Event "*** Titled Tuesday Blitz"]
[Site "Chess.com"]
[Date "2020.10.27"]
[Round "8"]
[White "InitiatingASC"]
[Black "natelleka"]
[Result "1-0"]
[WhiteElo "2412"]
[BlackElo "2203"]
[TimeControl "180+1"]
[EndTime "11:29:51 PDT"]
[Termination "InitiatingASC won on time"]

1. Nf3 d5 2. g3 Bf5 3. Bg2 Nf6 4. O-O h6 5. c4 c6 6. b3 e6 7. Bb2 Be7 8. d4 O-O 9. Nbd2 Nbd7 10. Ne5 Bd6 11. Ndf3 Ne4 12. Nd3 f6 13. Nf4 Re8 14.
e3 Qc7 15. Rc1 Rad8 16. Nh4 Bh7 17. Bh3 Bxf4 18. exf4 Nf8 19. Ng2 e5 20. fxe5 Ng5 21. Bg4 fxe5 22. dxe5 d4 23. f4 Ne4 24. Ne1 Ne6 25.
Nd3 c5 26. Qf3 Nd2 27. Qe2 Nxf1 28. Rxf1 Qc6 29. Bf3 Qc8 30. Bd5 Kh8 31. f5 Ng5 32. g4 Qc7 33. Bc1 Nf7 34. Bf4 Qe7 35. h3 a6 36. a4 b5 37. axb5 axb5 38. Kh2 bxc4 39. bxc4 Ng5 40. h4 Nf7 41. Kh3 Rc8 42. e6 Nd8 43. Ne5 Kg8 44. Qd3 Nxe6 45. Bxe6+ Qxe6 46. Qg3 Qe7 47. Bd2 Rb8 48. g5 Rb2 49. f6 Qe6+ 50. Ng4 1-0

[Event "*** Titled Tuesday Blitz"]
[Site "Chess.com"]
[Date "2020.10.27"]
[Round "8"]
[White "GregShahade"]
[Black "Sergey85Rodchenkov"]
[Result "1/2-1/2"]
[WhiteElo "2632"]
[BlackElo "2453"]
[TimeControl "180+1"]
[EndTime "11:29:53 PDT"]
[Termination "Game drawn by repetition"]

1. e4 c5 2. Nf3 d6 3. d4 cxd4 4. Nxd4 Nf6 5. Nc3 a6 6. Be3 e5 7. Nb3 Be7 8. f3 Be6 9. Qd2 Qc7 10. O-O-O b5 11. g4 O-O 12. h4 b4 13. Nd5 Bxd5 14. exd5 a5 15. Kb1 a4 16. Nc1 Na6 17.
Bb5 Nc5 18. Qxb4 Rfb8 19. c4 Nfd7 20. Nd3 Nxd3 21. Rxd3 Nc5 22. Rd2 Rb6 23. Rhd1 Rab8 24.
Bxc5 dxc5 25. Qxa4 Bd6 26. Qc2 Qe7 27. g5 g6 28. a4 Ra8 29. b3 Rbb8 30. Qe4 Rf8 31. Rg2 f5 32. gxf6 Rxf6 33. h5 Qf7 34. hxg6 hxg6 35.
Rdg1 Kg7 36. Rg3 Rh8 37. a5 Rh6 38. a6 Qc7 39. Qg4 e4 40. Qd7+ Qxd7 41. Bxd7 Bxg3 42.
Rxg3 Rxa6 43. fxe4 Kf6 44. Ba4 Ke5 45. Kb2 Kxe4 46.
Rg5 Kf4 47. Rg1 g5 48. Rf1+ Ke5 49. Re1+ Kd4 50. Rd1+ Ke3 51. Rg1 Rag6 52. Kc3 g4 53. Bd7 g3 54. Bf5 Rg5 55. Bd3 Kf2 56. Rf1+ Ke3 57.
Re1+ Kf2 58. Rf1+ Ke3 59. Re1+ Kf4 60. Rf1+ Ke5 61. Re1+ Kd6 62. Rg1 Rh2 63. Be4 Re2 64. Kd3 Rb2 65. Ke3 Rxb3+ 66. Kf4 Rg7 67. Rh1 Rc3 68. Rh6+ Kc7 69. d6+ Kd8 70. Bf5 Rg8 71.
Rh7 Rf8 72. Rd7+ Ke8 73. Re7+ Kd8 74. Rd7+ Ke8 75. Re7+ Kd8 76. Rd7+ 1/2-1/2